 Dungeon Crawl Stone Soup version 0.30-a0-857-gcaf70739d4 (webtiles) character file.

Game seed: 16306560891162904216

4328 FexLirch the Martial Artist (level 10, -4/58 HPs)
             Began as an Octopode Transmuter on Mar 5, 2023.
             Was a Believer of Kikubaaqudgha.
             Slain by an unseen horror (8 damage)
             ... on level 7 of the Dungeon.
             The game lasted 00:19:56 (6822 turns).

FexLirch the Martial Artist (Octopode Transmuter)   Turns: 6822, Time: 00:19:57

Health: -4/58      AC:  1    Str: 10      XL:     10   Next: 33%
Magic:  13/13      EV: 18    Int: 20      God:    Kikubaaqudgha [**....]
Gold:   454        SH:  0    Dex: 11 (12) Spells: 2/13 levels left

rFire   . . .      SeeInvis .      - Unarmed
rCold   . . .      Faith    .    (no shield)
rNeg    . . .      Spirit   .    (helmet restricted)
rPois   .          Reflect  .    (no amulet)
rElec   .          Rampage  .    s - +5 ring of evasion
rCorr   .                        (no ring)
Will    .....                    (no ring)
Stlth   ++                       (no ring)
HPRegen 0.29/turn                (no ring)
MPRegen 0.13/turn                (no ring)
                                 (no ring)
                                 (no ring)

@: no status effects
A: almost no armour, amphibious, 8 rings, camouflage 1, gelatinous body 1,
(nimble swimmer 1), tentacles
a: Renounce Religion, Unearth Wretches


You were on level 7 of the Dungeon.
You worshipped Kikubaaqudgha.
Kikubaaqudgha was pleased with you.
You visited 2 branches of the dungeon, and saw 8 of its levels.
You also visited: Bailey.

You collected 902 gold pieces.
You spent 448 gold pieces at shops.

Inventory:

Hand Weapons
 m - a +0 sling
Missiles
 e - 12 boomerangs (quivered)
 g - 31 stones
 p - 29 poisoned darts
 v - 2 throwing nets
Magical Staves
 t - a staff of fire
 F - a staff of conjuration
Jewellery
 n - a ring of ice
 s - a +5 ring of evasion (left tentacle)
 x - a ring of poison resistance
 y - a ring of fire
Wands
 h - a wand of digging (1)
 B - a wand of flame (14)
 D - a wand of charming (5)
Scrolls
 c - a scroll of immolation
 f - 2 scrolls of magic mapping {unknown}
 l - 2 scrolls of fear {unknown}
 q - 2 scrolls of enchant weapon
 u - a scroll of blinking {unknown}
Potions
 a - 2 potions of resistance
 b - 3 potions of magic
 d - 3 potions of curing
 i - 2 potions of invisibility
 j - 3 potions of heal wounds
 k - 5 potions of attraction
 o - 2 potions of flight
 r - 3 potions of brilliance
 z - 3 potions of mutation
 A - a potion of degeneration {unknown}
 C - 2 potions of haste
 E - 2 potions of cancellation
 G - a potion of might {unknown}
Miscellaneous
 H - a phantom mirror


   Skills:
 - Level 1.0 Fighting
 - Level 2.0 Dodging
 + Level 9.1 Unarmed Combat
 - Level 2.0 Spellcasting
 + Level 5.1 Necromancy
 + Level 8.7 Transmutations
 + Level 6.6 Ice Magic


You had 2 spell levels left.
You knew the following spells:

 Your Spells              Type           Power      Damage    Failure   Level
a - Beastly Appendage     Tmut           74%        N/A       1%          1
b - Wereblood             Tmut           37%        N/A       1%          2
c - Ice Form              Ice/Tmut       32%        N/A       7%          4
d - Animate Dead          Necr           22%        N/A       19%         4

Your spell library contained the following spells:

 Spells                   Type           Power      Damage    Failure   Level
 Necrotise                Necr           88%        1d8       1%          1
 Sublimation of Blood     Necr           22%        N/A       3%          2
 Vampiric Draining        Necr           22%        2d7       6%          3
 Spider Form              Tmut/Pois      19%        N/A       8%          3
 Inner Flame              Hex/Fire       2%         N/A       43%         3
 Cause Fear               Hex            1%         N/A       83%         4
 Discord                  Hex            1%         N/A       100%        8


Dungeon Overview and Level Annotations

Branches:
Dungeon (7/15)             Temple (1/1) D:6          Bailey (visited)

Altars:
Ashenzari
Cheibriados
Dithmenos
Kikubaaqudgha
Ru
Vehumet

Shops:
D:6 [   D:7 !


Innate Abilities, Weirdness & Mutations

You cannot wear most types of armour.
You are amphibious.
You can wear up to eight rings at the same time.
Your skin changes colour to match your surroundings (Stealth+).
Your rubbery body absorbs attacks. (AC +1, EV +1)
((You are camouflaged when in or above water. (Stealth+)))
You have tentacles for arms and can constrict up to eight enemies at once.


Message History

You start resting.
Something hits you. Something barely misses you.
A gargoyle comes into view. It is wielding a +0 dire flail.
As you read the scroll of summoning, it crumbles to dust.
Wisps of shadow whirl around you...
Your primal bloodlust has ended.
Something barely misses your hornet. x2; Something closely misses your hornet.
You swap places.
Your hornet stings the gargoyle but does no damage.
The gargoyle hits your hornet with a +0 dire flail!!
You swap places.
Your hornet stings the gargoyle but does no damage.
Something hits you.
A manticore comes into view.
Your hornet stings the gargoyle but does no damage.
The gargoyle hurls a stone arrow at you.
The stone arrow hits your hornet!!
Your hornet dies!
Your hornet's corpse dissolves into shadows!
Something hits you.
* * * LOW HITPOINT WARNING * * *
The gargoyle hits your black bear with a +0 dire flail!!
Your steam dragon bites something.
Your steam dragon claws something but does no damage.
Something hits you.
* * * LOW HITPOINT WARNING * * *
Your black bear goes berserk!
The gargoyle hits your black bear with a +0 dire flail!
Your black bear dies!
Your black bear's corpse dissolves into shadows!
You warm up again.
Something hits you but does no damage.
You swing at nothing.
You swing at nothing.
Something hits you!
* * * LOW HITPOINT WARNING * * *
Your steam dragon bites something!
Your steam dragon claws something.
Something closely misses you.
You swing at nothing.
Something hits you!
You die...
Kikubaaqudgha rasps: "You have failed me!
Welcome... death!"

## ##################
#>...............#
###..###########.# ####
##....## #.###...
#.##..# #..##...
#.###.########......
#...#...............
######@#..........#....
#....#.#..###.###......
# #...D..## # # ##.....
#.#.....## ##...#
#####.#...9## ##..#
.........#.# #..#
.####.#.##H# #..#
#.#)##.. ..# #.#)##.##
..#


You could see a manticore, a gargoyle and a friendly steam dragon (summoned).

Vanquished Creatures
  An orc knight (Bailey)
  A deep elf zephyrmancer (Bailey)
  A kobold demonologist (D:7)
  Edmund (D:4)
  2 water moccasins
  8 orc warriors
  2 black bears (D:6)
  A centaur (D:7)
  3 phantoms
  2 kobold brigands (D:6)
  A gnoll sergeant (D:6)
  6 scorpions
  A bullfrog (D:6)
  2 wights
  2 killer bees (D:7)
  A howler monkey (D:6)
  A jelly (D:6)
  3 hounds (D:6)
  2 sleepcaps
  Ijyb (D:4)
  2 orc wizards
  7 iguanas
  7 gnolls
  5 adders
  3 white imps
  3 ufetubi
  A worm (D:2)
  3 dart slugs
  13 orcs
  8 ball pythons
  4 bats
  6 endoplasms
  6 giant cockroaches
  11 goblins
  5 hobgoblins
  8 jackals
  3 quokkas
  4 frilled lizards
  12 kobolds
  6 rats
159 creatures vanquished.

Vanquished Creatures (collateral kills)
  4 killer bees (D:7)
  4 goblins (D:7)
8 creatures vanquished.

Grand Total: 167 creatures vanquished

Notes
Turn   | Place    | Note
-------+----------+-------------------------------------------
     0 | D:1      | FexLirch the Octopode Transmuter began the quest for the
                  | Orb.
     0 | D:1      | Reached XP level 1. HP: 13/13 MP: 3/3
    51 | D:1      | Reached XP level 2. HP: 7/18 MP: 5/5
   150 | D:1      | Learned a level 2 spell: Wereblood
   354 | D:1      | Reached XP level 3. HP: 23/23 MP: 1/6
   912 | D:2      | Reached skill level 4 in Unarmed Combat
   912 | D:2      | Reached XP level 4. HP: 28/28 MP: 7/7
  1350 | D:3      | Found a shadowy altar of Dithmenos.
  1522 | D:4      | Noticed a phantom
  1756 | D:4      | Reached XP level 5. HP: 16/33 MP: 8/8
  1845 | D:5      | Entered Level 5 of the Dungeon
  1846 | D:5      | Found an ancient bone altar of Kikubaaqudgha.
  1879 | D:5      | Became a worshipper of Kikubaaqudgha
  1968 | D:4      | Noticed Ijyb
  1981 | D:4      | Killed Ijyb
  2005 | D:4      | Noticed Edmund
  2022 | D:4      | Killed Edmund
  2023 | D:4      | Reached skill level 5 in Unarmed Combat
  2023 | D:4      | Reached XP level 6. HP: 36/38 MP: 6/9
  2086 | D:4      | Reached skill level 5 in Transmutations
  2139 | D:4      | Reached XP level 7. HP: 13/43 MP: 10/10
  2358 | D:4      | Learned a level 4 spell: Ice Form
  2369 | D:4      | Reached skill level 6 in Unarmed Combat
  2495 | D:4      | Reached skill level 1 in Ice Magic
  3436 | D:3      | Found a faded altar of an unknown god.
  3896 | D:6      | Found a radiant altar of Vehumet.
  4224 | D:6      | Reached XP level 8. HP: 48/48 MP: 7/11
  4406 | D:6      | Reached skill level 7 in Unarmed Combat
  4461 | D:6      | Reached * piety under Kikubaaqudgha
  4461 | D:6      | Received a gift from Kikubaaqudgha
  4467 | D:6      | Learned a level 4 spell: Animate Dead
  4543 | D:6      | Reached skill level 1 in Necromancy
  4730 | D:6      | Identified the +5 quarterstaff "Ysmius" {flame, rElec rC+
                  | rCorr Str+3 Stlth-}
  4797 | D:6      | Found a staircase to the Ecumenical Temple.
  4801 | Temple   | Entered the Ecumenical Temple
  4944 | D:6      | Reached XP level 9. HP: 39/53 MP: 9/12
  5074 | D:6      | Found Wercha's Antique Armour Shop.
  5379 | D:6      | Found a snail-covered altar of Cheibriados.
  5379 | D:6      | Found a sacrificial altar of Ru.
  5814 | D:7      | Found Kofuaxeu's Distillery.
  5872 | D:7      | Bought a potion of haste for 140 gold pieces
  5872 | D:7      | Bought a potion of brilliance for 56 gold pieces
  5872 | D:7      | Bought a potion of cancellation for 112 gold pieces
  5872 | D:7      | Bought a potion of heal wounds for 70 gold pieces
  5872 | D:7      | Bought a potion of heal wounds for 70 gold pieces
  6028 | D:7      | Reached ** piety under Kikubaaqudgha
  6029 | D:7      | Reached skill level 5 in Ice Magic
  6037 | D:7      | Reached skill level 8 in Unarmed Combat
  6048 | D:7      | Found a flagged portal.
  6176 | Bailey   | Entered a bailey
  6279 | Bailey   | HP: 1/63 [orc warrior/+0 glaive (10)]
  6322 | Bailey   | Noticed an orc knight
  6413 | Bailey   | Killed an orc knight
  6434 | Bailey   | Reached XP level 10. HP: 37/58 MP: 8/13
  6554 | Bailey   | Found a large runed translucent door.
  6554 | Bailey   | Found a large runed translucent door.
  6556 | Bailey   | Noticed a deep elf zephyrmancer
  6591 | Bailey   | Killed a deep elf zephyrmancer
  6766 | D:7      | Noticed a kobold demonologist
  6781 | D:7      | Noticed a rust devil
  6790 | D:7      | Killed a kobold demonologist
  6791 | D:7      | Reached skill level 9 in Unarmed Combat
  6791 | D:7      | Reached skill level 5 in Necromancy
  6813 | D:7      | Noticed a gargoyle
  6816 | D:7      | Noticed a manticore
  6822 | D:7      | Slain by an unseen horror

Illustrated notes

Levels and vault maps discovered:
D:1:      ncdulo_watergridlock, layout_rooms, st_stairs_2, dk_noncrumbling_3
D:2:      layout_loops_ring, grunt_decor_arrowhead, amethyst_killhole
D:3:      layout_basic, mainiacjoe_overflow_concentric_impassable,
          hellmonk_ecumenical_altar_leap_of_faith, minmay_door_square,
          st_stairs_9, minmay_misc_feat_hallway, minmay_misc_feat_plants
D:4:      layout_cave_pools, uniq_ijyb, uniq_edmund
D:5:      layout_loops_ring, mainiacjoe_overflow_small_starburst,
          dreamdust_wishing_well, minmay_misc_feat_square
D:6:      minmay_polygon_palace, layout_loops_corners, vehumet_altar_wand_db,
          mainiacjoe_overflow_divided_tiny, temple_hall_moat, serial_shops,
          nicolae_shop_behind_doors
D:7:      minmay_the_grid_octo_triangle [minmay_the_grid_octo_clover_2,
          minmay_the_grid_octo_prize_square_snowflake,
          minmay_the_grid_octo_vomiting_pacman], layout_basic, serial_shops,
          nicolae_inconvenience_store, enter_bailey_5
Temple:   hellmonk_temple_forest_ring

Skill      XL: |  1  2  3  4  5  6  7  8  9 10 |
---------------+-------------------------------+-----
Transmutations | 3 4 5 6 7 8 |  8.7
Unarmed Combat | 4 5 6 7 8 9 |  9.1
Ice Magic      | 2 4 6 |  6.6
Necromancy     | 1 4 5 |  5.1
Fighting       | |  1.0
Dodging        | |  2.0
Spellcasting   | |  2.0

Action                     |  1- 3 |  4- 6 |  7- 9 | 10-12 || total
---------------------------+-------+-------+-------+-------++-------
  Melee: Unarmed           |    72 |    93 |   221 |    35 ||   421
         Constrict         |    21 |    22 |    22 |       ||    65
         Tentacles         |    11 |    25 |    27 |       ||    63
         Kick              |    14 |    26 |    33 |       ||    73
         Punch             |     3 |     4 |     3 |       ||    10
   Fire: Sling             |       |    11 |     5 |       ||    16
  Throw: Dart              |       |     4 |       |       ||     4
         Boomerang         |       |       |     1 |       ||     1
   Cast: Beastly Appendage |    10 |    14 |    15 |       ||    39
         Wereblood         |     7 |     9 |    18 |     2 ||    36
         Ice Form          |       |       |    11 |     3 ||    14
  Evoke: Wand              |       |       |     9 |       ||     9
    Use: Potion            |     1 |     2 |     1 |     1 ||     5
         Scroll            |       |     7 |     7 |     1 ||    15
   Stab: Sleeping          |     3 |       |     2 |       ||     5
         Invisible         |       |       |       |     1 ||     1
 Armour: Skin              |     9 |     8 |    23 |    17 ||    57
  Dodge: Dodged            |    48 |    46 |   167 |    35 ||   296

Table legend: (Time is in decaauts)
 A = Elapsed time spent in this place.
 B = Non-inter-level travel time spent in this place.
 C = Inter-level travel time spent in this place.
 D = Time resting spent in this place.
 E = Time spent auto-exploring this place.
 F = Levels seen in this place.
 G = Mean time per level.
                   A        B        C        D        E       F      G
               +--------+--------+--------+--------+--------+-----+--------+
         Total |   6776 |   6531 |    245 |    404 |   4266 |   9 |  752.9 |
       Dungeon |   6307 |   6062 |    245 |    219 |   4266 |   7 |  901.0 |
        Temple |      3 |      3 |      0 |      0 |      0 |   1 |    3.0 |
        Bailey |    465 |    465 |      0 |    185 |      0 |   1 |  465.0 |
               +--------+--------+--------+--------+--------+-----+--------+

Top non-repeatable levels by time:
     D:6: 1989 daAuts
     D:4: 927 daAuts
     D:3: 878 daAuts
     D:1: 674 daAuts
     D:2: 666 daAuts
     D:5: 611 daAuts
     D:7: 560 daAuts
  Bailey: 465 daAuts
  Temple: 3 daAuts
